 Dungeon Crawl Stone Soup version 0.19-a0-1091-g463c9de (webtiles) character file.

19296 Leszczynek the Bludgeoner (level 12, -1/130 HPs)
             Began as an Ogre Conjurer on Aug 7, 2016.
             Was an Elder of Hepliaklqana.
             Slain by an orc warrior
             ... wielding a +0 trident of piercing
              (6 damage)
             ... on level 2 of the Orcish Mines.
             The game lasted 01:05:38 (8139 turns).

Leszczynek the Bludgeoner (Ogre Conjurer)           Turns: 8139, Time: 01:05:39

Health: -1/130     AC: 15    Str: 18    XL:     12   Next: 67%
Magic:  15/15      EV:  7    Int: 16    God:    Hepliaklqana [****..]
Gold:   1308       SH:  0    Dex: 10    Spells: 6 memorised, 2 levels left

rFire  . . .     SeeInvis .     a - +3 giant club
rCold  . . .     Gourm    .     M - +2 robe {MR+}
rNeg   . . .     Faith    .     (shield currently unavailable)
rPois  .         Spirit   .     J - +1 hat
rElec  .         Dismiss  .     r - +0 cloak
rCorr  .         Reflect  .     (gloves unavailable)
SustAt .         Harm     .     (boots unavailable)
MR     ++...                    f - amulet of regeneration
Stlth  ++........               m - +4 ring of protection
                                e - +4 ring of protection

@:
A: unfitting armour, tough skin 1
a: Recall Ancestor, Ancestor Identity, Transference, Idealise, Renounce Religion


You were on level 2 of the Orcish Mines.
You worshipped Hepliaklqana.
Hepliaklqana was greatly pleased with you.
You were not hungry.

You visited 3 branches of the dungeon, and saw 15 of its levels.

You collected 1520 gold pieces.
You spent 212 gold pieces at shops.

Inventory:

Hand Weapons
 a - a +3 giant club (weapon)
 L - a +0 blowgun
 P - a +0 halberd
Missiles
 y - 14 tomahawks
 F - 23 large rocks (quivered)
 N - 3 needles of paralysis
Armour
 r - a +0 cloak (worn)
 J - a +1 hat (worn)
 M - a +2 robe of magic resistance (worn)
Jewellery
 e - a +4 ring of protection (left hand)
 f - an amulet of regeneration (around neck)
 m - a +4 ring of protection (right hand)
 D - a +2 ring of evasion
 O - an uncursed ring of protection from cold
Wands
 d - a wand of flame (21/48)
 j - a wand of iceblast (12/15)
 s - a wand of digging (19/24)
 B - a wand of flame (14/48)
 G - a wand of digging (2/24) {used}
 H - a wand of slowing (30/48)
Scrolls
 b - a scroll of torment {unknown}
 n - 3 scrolls of teleportation
 o - a scroll of holy word {unknown}
 q - 5 scrolls of remove curse
 w - a scroll of blinking {unknown}
 x - 4 scrolls of fear
 I - a scroll of summoning {unknown}
Potions
 g - a potion of ambrosia
 h - 2 potions of heal wounds
 i - 5 potions of curing
 p - a potion of invisibility
 t - 2 potions of lignification
 z - a potion of agility
 A - a potion of haste
 C - a potion of berserk rage {unknown}
 K - a potion of might {unknown}
Comestibles
 c - 2 bread rations
 l - 9 royal jellies
 u - 10 meat rations
 v - 8 fruits


   Skills:
 + Level 11.4 Fighting
 * Level 18.2 Maces & Flails
 + Level 8.2 Throwing
 + Level 6.4 Dodging
 - Level 1.5 Stealth
 - Level 2.4 Spellcasting
 - Level 2.9 Conjurations


You had 2 spell levels left.
You knew the following spells:

 Your Spells              Type           Power        Failure   Level  Hunger
a - Magic Dart            Conj           ##..         8%          1    #......
b - Searing Ray           Conj           ##....       10%         2    ###....
c - Apportation           Tloc           #.........   21%         1    #......
d - Blink                 Tloc           N/A          30%         2    ###....
e - Portal Projectile     Tloc           #.....       65%         3    ###....
f - Passage of Golubria   Tloc           N/A          99%         4    #####..


Dungeon Overview and Level Annotations

Branches:
Dungeon (12/15)            Temple (1/1) D:5            Lair (0/6) D:9
    Orc (2/2) D:12            Elf (0/3) Orc:2

Altars:
Ashenzari
Cheibriados
Dithmenos
Elyvilon
Fedhas
Hepliaklqana
Makhleb
Nemelex Xobeh
Okawaru
Pakellas
Qazlal
Ru
Trog
Uskayaw
Xom
Yredelemnul
Zin
The Shining One

Shops:
D:5 [([   D:9 [


Innate Abilities, Weirdness & Mutations

You are too large for most types of armour.
You have tough skin. (AC +1)


Message History

The orc knight wields an arbalest.
The orc knight shoots a bolt.
The bolt hits you.
You see here a bolt.
The orc priest calls upon Beogh to heal the orc warrior.
The orc warrior's wounds heal themselves!
The orc priest mumbles some strange prayers to Beogh against you.
Beogh smites you!
The orc knight shoots a bolt.
The bolt hits you.
Tessa hits the orc knight with a flail.
You see here a bolt.
Tessa hits the orc knight with a flail.
The orc warrior hits you from afar with a trident of piercing!
There is a stone staircase leading up, spattered with blood here.
Unknown command.
The orc warrior no longer looks unusually strong. x2
The orc warrior hits you with a long sword!
* * * LOW HITPOINT WARNING * * *
The orc warrior hits you from afar with a trident of piercing!!
* * * LOW HITPOINT WARNING * * *
You die...

#......#####.#........#
#......#.##......###.##
####......#.......# #
#...........)...#
#####..........##.##
#.# ###........#...#
.#####..........#.##
.#..##.........####
....#...........@##
....#.........ooo.#
#.................##
#.<<......#.o.o(...###
#......####..........#
............R.....#.##
.................####
...........(......#
....##))...........#


You could see the friendly Tessa the knight, an orc knight, 2 orc warriors and 2
orc priests.

Vanquished Creatures
  A stone giant (Orc:1)
  A hydra (D:11)
  The ghost of Shenda the Carver, a novice FoFi of Okawaru (D:10)
  The ghost of herpmino the Cleaver, a novice FoFi (D:9)
  2 hill giants (D:10)
  3 ugly things (D:11)
  2 orc knights (Orc:2)
  2 orc sorcerers (Orc:2)
  5 cyclopes
  A troll (D:9)
  4 slime creatures (D:12)
  A vampire (D:12)
  A shadow (D:12)
  A wyvern (D:12)
  A hungry ghost (D:10)
  A basilisk (D:9)
  4 wargs
  A soldier ant (shapeshifter) (D:11)
  A soldier ant (D:9)
  A porcupine (D:9)
  2 wasps (D:9)
  A sky beast (D:7)
  2 ice beasts
  18 orc warriors
  4 black bears
  A necrophage (D:12)
  9 ogres
  A centaur (D:4)
  2 crocodiles
  A big kobold (D:11)
  2 giant frogs
  2 scorpions
  3 wights (D:10)
  4 crimson imps
  4 hounds
  A jelly (D:4)
  A centaur skeleton (D:10)
  18 orc priests
  4 giant frog skeletons
  18 orc wizards
  Crazy Yiuf (D:3)
  2 iguanas
  Ijyb (D:2)
  5 worker ants
  12 sheep
  2 hound skeletons
  A worker ant zombie (D:5)
  Robin (D:3)
  8 adders
  2 gnolls (D:11)
  A river rat (D:9)
  3 shadow imps
  2 oozes
  2 worms (D:3)
  A dart slug (D:1)
  3 giant geckos
  42 orcs
  A ball python (D:4)
  5 bats
  2 giant cockroaches
  18 goblins
  12 hobgoblins
  8 jackals
  7 kobolds
  3 quokkas
  3 giant newts
  3 rats
284 creatures vanquished.

Vanquished Creatures (collateral kills)
  An orc high priest (Orc:2)
  A hungry ghost (D:7)
  3 porcupines (D:9)
  An orc warrior (D:6)
  An ice beast (D:10)
  A wasp (D:9)
  2 ogres
  2 centaurs
  A big kobold (D:8)
  A gnoll sergeant (D:11)
  2 howler monkeys
  A jelly (D:9)
  5 orc priests
  A worker ant (D:5)
  7 orc wizards
  A killer bee zombie (D:10)
  3 sheep (D:9)
  A gnoll (D:11)
  16 orcs
  A goblin (D:12)
  A jackal (D:6)
  A kobold (D:11)
  A giant newt (D:5)
55 creatures vanquished.

Vanquished Creatures (others)
  A deep elf annihilator (D:8)
  3 knights
  An ancestor (D:6)
5 creatures vanquished.

Grand Total: 344 creatures vanquished

Notes
Turn   | Place    | Note
-------+----------+-------------------------------------------
     0 | D:1      | Leszczynek the Ogre Conjurer began the quest for the Orb.
     0 | D:1      | Reached XP level 1. HP: 16/16 MP: 3/3
     0 | D:1      | once again, the plan:
     0 | D:1      | 1) find any weapon
     0 | D:1      | 2) find any m&f weapon
     0 | D:1      | 3) get xl 2 before going to d:2
     0 | D:1      | 4) get a god
     0 | D:1      | 5) look for a way to kill an ogre, then kill one
     0 | D:1      | 6) find a source of regen
     0 | D:1      | 7) get a TLA or at least swamp dragon armour
     0 | D:1      | - if a shield is found early, switch to that and one handed weapons
     0 | D:1      | - rings for all resistances preferred, but at least MR, rF and rC before lair branches
     0 | D:1      | actually scratch that, it depends on the branch really
    72 | D:1      | +4 AC ring, good
   111 | D:1      | Reached skill level 1 in Fighting
   115 | D:1      | whip
   173 | D:1      | Reached skill level 1 in Maces & Flails
   200 | D:1      | blue whip, let's risk it
   207 | D:1      | Reached XP level 2. HP: 20/27 MP: 1/5
   218 | D:1      | +1 of freezing, nice
   278 | D:1      | Reached skill level 2 in Maces & Flails
   324 | D:1      | second +4 AC ring
   324 | D:1      | holy shit
   324 | D:1      | this is it
   324 | D:1      | this is the game
   356 | D:1      | Learned a level 2 spell: Searing Ray
   371 | D:2      | Noticed Ijyb
   382 | D:2      | Killed Ijyb
   382 | D:2      | Reached skill level 2 in Fighting
   382 | D:2      | Reached skill level 3 in Maces & Flails
   382 | D:2      | Reached XP level 3. HP: 30/36 MP: 0/6
   540 | D:3      | Reached XP level 4. HP: 34/44 MP: 1/7
   588 | D:3      | Reached skill level 4 in Maces & Flails
   748 | D:3      | Noticed Robin
   764 | D:3      | Killed Robin
   846 | D:3      | Reached skill level 3 in Fighting
   913 | D:3      | Found a runed door.
   978 | D:3      | Reached XP level 5. HP: 52/53 MP: 8/8
  1021 | D:3      | Noticed Crazy Yiuf
  1025 | D:3      | Killed Crazy Yiuf
  1025 | D:3      | Reached skill level 5 in Maces & Flails
  1109 | D:4      | Noticed an ogre
  1136 | D:4      | Killed an ogre
  1136 | D:4      | Reached skill level 6 in Maces & Flails
  1136 | D:4      | Reached XP level 6. HP: 50/61 MP: 2/9
  1153 | D:4      | doing great so far, got a giant club
  1161 | D:4      | and a +4 qstaff of chaos and a cloak from yiuf
  1169 | D:4      | d:4 centaur
  1169 | D:4      | shieeeet
  1191 | D:4      | Reached skill level 7 in Maces & Flails
  1338 | D:4      | Reached skill level 8 in Maces & Flails
  1338 | D:4      | Reached XP level 7. HP: 50/67 MP: 0/10
  1536 | D:5      | Entered Level 5 of the Dungeon
  1536 | D:5      | Found Dayx's Weapon Shop.
  1544 | D:5      | Reached skill level 9 in Maces & Flails
  1565 | D:5      | +10 holy bardiche rF+ dex+6
  1565 | D:5      | in the shop
  1565 | D:5      | for less than 1400 gold
  1565 | D:5      | j e s u s
  1565 | D:5      | polearm ogre time, i guess
  1565 | D:5      | but first, use a giant club
  1565 | D:5      | it's too good to pass on
  1565 | D:5      | i'll grab a polearm along the way and train it for later
  1568 | D:5      | Found Ditrigot's Armour Shop.
  1591 | D:5      | -2 cloak rPois rF+ rC+
  1591 | D:5      | with these rings, why the fuck not
  1591 | D:5      | can't afford that either tho
  1591 | D:5      | costs 200 gold
  1630 | D:4      | spatial translocations book
  1630 | D:4      | this fucking game
  1630 | D:4      | just don't fuck it up
  1633 | D:4      | Learned a level 1 spell: Apportation
  1636 | D:4      | Learned a level 2 spell: Blink
  1641 | D:4      | Learned a level 3 spell: Portal Projectile
  1952 | D:4      | Reached skill level 10 in Maces & Flails
  2094 | D:5      | Reached XP level 8. HP: 66/75 MP: 7/11
  2202 | D:5      | Found a staircase to the Ecumenical Temple.
  2212 | Temple   | Entered the Ecumenical Temple
  2231 | Temple   | because of the bardiche, i don't need tso that much
  2255 | Temple   | and it's a two handed weapon
  2255 | Temple   | so makhleb would be nice
  2278 | Temple   | and of course nowhere to be found
  2339 | Temple   | Became a worshipper of Hepliaklqana
  2411 | D:5      | Reached skill level 11 in Maces & Flails
  2489 | D:5      | Found Pinoonash's Antique Armour Shoppe.
  2494 | D:5      | and a blue TLA in the shop
  2494 | D:5      | this
  2494 | D:5      | fucking
  2494 | D:5      | game
  2494 | D:5      | if i lose this, i can off myself
  2494 | D:5      | just get enough gold for everything
  2726 | D:6      | and a +2 EV because overkill is fun
  2726 | D:6      | *+2 EV ring
  2777 | D:6      | Reached skill level 12 in Maces & Flails
  2919 | D:6      | ehhh
  2969 | D:6      | an orc warrior with invisibility potion and a wand of digging
  2969 | D:6      | fun fun
  3017 | D:6      | Reached skill level 4 in Fighting
  3095 | D:7      | Reached skill level 1 in Throwing
  3223 | D:7      | Found a shattered altar of Ashenzari.
  3228 | D:7      | Found a glowing golden altar of the Shining One.
  3242 | D:7      | Found a burning altar of Makhleb.
  3256 | D:7      | Found a blossoming altar of Fedhas.
  3284 | D:7      | Reached XP level 9. HP: 85/85 MP: 12/12
  3358 | D:7      | Reached skill level 5 in Fighting
  3358 | D:7      | Reached skill level 13 in Maces & Flails
  3358 | D:7      | Reached skill level 2 in Throwing
  3513 | D:8      | Reached * piety under Hepliaklqana
  3529 | D:8      | everything is going well in this game so far
  3580 | D:8      | Found an oddly glowing altar of Pakellas.
  3591 | D:8      | Killed a deep elf annihilator
  3820 | D:8      | Found a white marble altar of Elyvilon.
  3869 | D:8      | Reached skill level 6 in Fighting
  3961 | D:8      | Reached skill level 3 in Throwing
  3994 | D:8      | Reached ** piety under Hepliaklqana
  3997 | D:8      | Remembered your ancestor Tessa as a knight
  4135 | D:9      | Noticed herpmino's ghost (novice FoFi)
  4193 | D:9      | Reached skill level 14 in Maces & Flails
  4240 | D:9      | Reached skill level 4 in Throwing
  4263 | D:9      | Reached skill level 7 in Fighting
  4263 | D:9      | Reached XP level 10. HP: 102/102 MP: 13/13
  4275 | D:9      | these default ancestor names are stupid
  4289 | D:9      | Found a staircase to the Lair.
  4331 | D:9      | do i get that cloak or not
  4331 | D:9      | that will be effective -2 AC
  4331 | D:9      | nah, screw it for now
  4383 | D:9      | Found Rajar's Armour Boutique.
  4398 | D:9      | rpois rc- regen+ cloak in another shop
  4398 | D:9      | the only problem is there are no problems so far
  4398 | D:9      | ha ha
  4398 | D:9      | Bought a +2 robe of magic resistance for 212 gold pieces
  4498 | D:9      | Reached skill level 15 in Maces & Flails
  4498 | D:9      | Reached skill level 2 in Dodging
  4660 | D:9      | 4/5/12 defences
  4660 | D:9      | maybe i can try to kill him
  4666 | D:9      | Killed herpmino's ghost
  4666 | D:9      | Reached skill level 8 in Fighting
  4666 | D:9      | Reached skill level 5 in Throwing
  4667 | D:9      | cool
  4670 | D:10     | Entered Level 10 of the Dungeon
  4671 | D:10     | Noticed Shenda's ghost (novice FoFi)
  4672 | D:10     | and this one's 9/11/13
  4672 | D:10     | hmm
  4692 | D:9      | nope
  4842 | D:10     | Killed Shenda's ghost
  4842 | D:10     | Reached skill level 3 in Dodging
  4843 | D:10     | cool
  4843 | D:10     | 2v1 OP
  4883 | D:10     | Reached *** piety under Hepliaklqana
  4900 | D:10     | Identified the Compendium of the Escort
  4909 | D:10     | Learned a level 4 spell: Passage of Golubria
  5065 | D:10     | Noticed a cyclops
  5079 | D:10     | Killed a cyclops
  5119 | D:10     | Noticed a hill giant
  5149 | D:10     | Killed a hill giant
  5149 | D:10     | Reached skill level 16 in Maces & Flails
  5149 | D:10     | Reached XP level 11. HP: 89/113 MP: 14/14
  5153 | D:10     | Reached skill level 9 in Fighting
  5208 | D:10     | Noticed a hill giant
  5217 | D:10     | Killed a hill giant
  5217 | D:10     | Reached skill level 6 in Throwing
  5217 | D:10     | Reached skill level 4 in Dodging
  5229 | D:10     | Found a glowing golden altar of the Shining One.
  5285 | D:11     | para needles
  5361 | D:11     | Noticed a green ugly thing
  5394 | D:11     | Noticed a cyclops
  5406 | D:11     | Killed a cyclops
  5437 | D:11     | Noticed a cyan ugly thing
  5555 | D:11     | Noticed a cyclops
  5559 | D:11     | Noticed a six-headed hydra
  5565 | D:11     | Killed a cyclops
  5683 | D:11     | Killed a six-headed hydra
  5716 | D:11     | Noticed a cyan ugly thing
  5717 | D:11     | shit
  5758 | D:11     | Killed a brown ugly thing
  5765 | D:11     | Killed a cyan ugly thing
  5882 | D:11     | Killed a cyan ugly thing
  5882 | D:11     | Reached skill level 10 in Fighting
  6117 | D:12     | Reached skill level 5 in Dodging
  6170 | D:12     | Reached **** piety under Hepliaklqana
  6179 | D:12     | Reached skill level 17 in Maces & Flails
  6233 | D:12     | Noticed a cyclops
  6243 | D:12     | Killed a cyclops
  6243 | D:12     | Reached skill level 7 in Throwing
  6540 | D:12     | Reached XP level 12. HP: 67/127 MP: 15/15
  6613 | D:12     | Found a staircase to the Orcish Mines.
  6617 | D:12     | and here's orc
  6839 | Orc:1    | Entered Level 1 of the Orcish Mines
  6840 | Orc:1    | eh
  7016 | Orc:1    | You fall through a shaft!
  7016 | Orc:2    | Entered Level 2 of the Orcish Mines
  7017 | Orc:2    | fuck
  7017 | Orc:2    | and i don't know mapping either
  7019 | Orc:2    | Found a staircase to the Elven Halls.
  7055 | Orc:2    | OH COME ON
  7288 | Orc:1    | Noticed a stone giant
  7289 | Orc:1    | uhhhh
  7300 | Orc:1    | i'll regret it
  7348 | Orc:1    | Killed a stone giant
  7348 | Orc:1    | Reached skill level 11 in Fighting
  7348 | Orc:1    | Reached skill level 6 in Dodging
  7352 | Orc:1    | phew
  7352 | Orc:1    | where are his rocks tho
  7352 | Orc:1    | only two :/
  7612 | Orc:2    | so, what's in the vault, i wonder
  7761 | Orc:2    | Reached skill level 8 in Throwing
  7832 | Orc:2    | ah, this one
  7832 | Orc:2    | a lot of orc knights for sure
  7832 | Orc:2    | and high priests
  7832 | Orc:2    | and nowhere to hide
  7832 | Orc:2    | it will take a bit, sadly
  7849 | Orc:2    | Reached skill level 18 in Maces & Flails
  8064 | Orc:2    | Noticed an orc high priest
  8071 | Orc:2    | Killed an orc high priest
  8139 | Orc:2    | HP: 5/130 [orc warrior/trident of piercing (20)]
  8139 | Orc:2    | Slain by an orc warrior

Vault maps used:
D:1:      scummos_arrival_simple_crosswalls
D:2:      grunt_temple_overflow_magic_moments, nicolae_overflow_crystal_walls,
          kennysheep_generic_room_6, uniq_iyjb, uniq_terence
D:3:      kennysheep_generic_room_5, uniq_crazy_yiuf_cottage, uniq_robin
D:4:      kennysheep_the_goblin_king, minmay_ogre_servants
D:5:      first_bread, serial_shops, shop, shop, kennysheep_little_box,
          nicolae_shop_window_shopping
D:6:      minmay_misc_feat_four_crosses
D:7:      grunt_temple_overflow_cloverleaf
D:8:      lemuel_doored_altar, gammafunk_pakellas_spire_experiment
D:9:      minmay_lair_entry_grove, serial_shops, shop, serial_glass,
          glass_columns_c, glass_columns_a, hangedman_pestilent_swarm
D:10:     lemuel_ice_spiral_2, basic_altar
D:11:     nrook_mini_backslash
D:12:     erik_orc_3
Temple:   hc_temple_tempest_star
Orc:2:    st_orc_pillars

Skill      XL: |  1  2  3  4  5  6  7  8  9 10 11 12 |
---------------+-------------------------------------+-----
Fighting       | 1 2 3 4 7 8 10 11 | 11.4
Maces & Flails | 1 3 4 6 8 10 12 14 16 17 18 | 18.2
Throwing       | 1 4 5 7 8 |  8.2
Dodging        | 3 5 6 |  6.4
Stealth        | |  1.5
Spellcasting   | |  2.4
Conjurations   | |  2.9

Action                   |  1- 3 |  4- 6 |  7- 9 | 10-12 || total
-------------------------+-------+-------+-------+-------++-------
Melee: Whip              |    74 |    68 |       |       ||   142
       Unarmed           |     5 |       |       |       ||     5
       Quarterstaff      |       |     3 |       |       ||     3
       Giant club        |       |    17 |   322 |   454 ||   793
Throw: Tomahawk          |       |       |       |     5 ||     5
       Large rock        |       |       |       |    17 ||    17
 Cast: Magic Dart        |    23 |    27 |    16 |       ||    66
       Searing Ray       |     2 |     5 |     1 |       ||     8
Invok: Recall Ancestor   |       |       |     2 |    14 ||    16
       Ancestor Life: Kn |       |       |     1 |       ||     1
       Ancestor Identity |       |       |       |     1 ||     1
Evoke: Wand              |       |       |       |     3 ||     3
  Use: Scroll            |       |       |     6 |     7 ||    13
 Stab: Sleeping          |       |     2 |       |     1 ||     3
       Distracted        |       |       |       |     2 ||     2
  Eat: Chunk             |       |     3 |    12 |    11 ||    26
       Pizza             |       |       |       |     1 ||     1
       Beef jerky        |       |       |       |     1 ||     1
Armor: Robe              |    32 |    45 |   178 |   122 ||   377
Dodge: Dodged            |    54 |    47 |   155 |   172 ||   428
